AoeStats
← Spaceglider

Arabia

508317183Analyzed
1v1 RM · 11d ago on Sep 21, 2026· 21m 13s· 2 players
Game mode
Random Map
Map size
Tiny (2 player)
Population
200
Speed
Normal
Resources
Standard
Victory
Conquest
Starting age
Dark Age
Ending age
Imperial Age
RankedLock teamsTeams togetherTeam positionsShared explorationLock speedFull tech treeHidden civsTurbo modeCheats
Victory
Defeat
🇺🇸 Britons · United States
1503
+14
🇺🇸 Britons · United States
1458
-14
Spooner
8:52 Feudal Age
9:53 Loom
11:53 Double-Bit Axe
21:28 Castle Age
20:34 Fletching
21:27 Padded Archer Armor
Spaceglider
6:42 Loom
8:50 Feudal Age
12:16 Town Watch
12:44 Fletching
13:53 Double-Bit Axe
13:49 Horse Collar
19:48 Wheelbarrow
21:35 Padded Archer Armor
23:40 Castle Age
Connection lost

Rejoining the realm…

Still unreachable

The connection could not be restored.

Session expired

The server has moved on; the page needs a fresh start.